AoeStats
← hanser

Arabia

509049524Analyzed
1v1 RM · 8d ago on Sep 25, 2026· 23m 56s· 2 players
Game mode
Random Map
Map size
Tiny (2 player)
Population
200
Speed
Normal
Resources
Standard
Victory
Conquest
Starting age
Dark Age
Ending age
Imperial Age
RankedLock teamsTeams togetherTeam positionsShared explorationLock speedFull tech treeHidden civsTurbo modeCheats
Victory
Defeat
🇨🇳 Armenians · China
909
+17
🇨🇳 Georgians · China
941
-17
rovertom
0:41 Loom
10:40 Feudal Age
11:07 Horse Collar
11:13 Double-Bit Axe
15:39 Wheelbarrow
16:54 Gold Mining
19:47 Castle Age
20:12 Fletching
hanser
11:19 Feudal Age
11:47 Man-at-Arms
12:18 Loom
12:43 Double-Bit Axe
12:50 Gold Mining
12:40 Long Swordsman
18:18 Scale Mail Armor
19:41 Arson
20:35 Wheelbarrow
20:47 Forging
23:37 Horse Collar
Connection lost

Rejoining the realm…

Still unreachable

The connection could not be restored.

Session expired

The server has moved on; the page needs a fresh start.